 Dungeon Crawl Stone Soup version 0.19.5 (webtiles) character file.

492 Santreim the Covered (level 7, -3/54 HPs)
             Began as a Human Fighter on Mar 7, 2017.
             Was a Believer of Zin.
             Slain by an ogre
             ... wielding a +0 giant club
              (19 damage)
             ... on level 4 of the Dungeon.
             The game lasted 00:23:50 (2983 turns).

Santreim the Covered (Human Fighter)                Turns: 2983, Time: 00:23:50

Health: -3/54      AC: 10    Str: 18    XL:     7   Next: 37%
Magic:  7/7        EV:  5    Int:  8    God:    Zin [**....]
Gold:   99         SH:  9    Dex: 13    Spells: 0 memorised, 6 levels left

rFire  . . .     SeeInvis .     D - +2 long sword (holy)
rCold  . . .     Gourm    .     u - +0 chain mail
rNeg   . . .     Faith    .     c - +0 shield
rPois  .         Spirit   .     (no helmet)
rElec  .         Reflect  .     (no cloak)
rCorr  .         Harm     .     j - +0 pair of gloves
MR     .....                    (no boots)
Stlth  ..........               (no amulet)
                                (no ring)
                                (no ring)

@: no status effects
A: no striking features
a: Recite, Vitalisation, Donate Gold, Renounce Religion


You were on level 4 of the Dungeon.
You worshipped Zin.
Zin was pleased with you.
You were not hungry.

You visited 2 branches of the dungeon, and saw 5 of its levels.

You collected 236 gold pieces.
You donated 137 gold pieces to Zin.

Inventory:

Hand Weapons
 a - a +0 long sword
 A - a +1 spear of venom
 D - a +2 long sword of holy wrath (weapon)
Missiles
 e - 80 stones
 h - 2 poisoned javelins (quivered)
Armour
 b - a +0 scale mail
 c - a +0 shield (worn)
 j - a +0 pair of gloves (worn)
 t - a +2 robe of magic resistance
 u - a +0 chain mail (worn)
 F - a +3 leather armour
Wands
 x - a wand of flame (17/48)
 E - a wand of paralysis (8/24)
Scrolls
 k - 2 scrolls of recharging {unknown}
 l - 6 scrolls of identify {unknown}
 q - 2 scrolls of random uselessness {unknown}
 v - a scroll of magic mapping {unknown}
 w - a scroll of fear {unknown}
 y - 4 scrolls of teleportation {unknown}
 B - a scroll of remove curse {unknown}
 C - a scroll of fog {unknown}
Potions
 d - a potion of might
 g - 3 potions of curing {unknown}
 i - a potion of mutation {unknown}
 m - a potion of resistance {unknown}
 n - a potion of agility {unknown}
 o - a potion of heal wounds {unknown}
 p - 2 potions of brilliance {unknown}
 s - 2 potions of berserk rage {unknown}
 z - 2 potions of degeneration {unknown}
Comestibles
 f - 4 bread rations
 r - a royal jelly
 G - a beef jerky


   Skills:
 + Level 4.2 Fighting
 + Level 4.4 Long Blades
 + Level 4.6 Armour
 + Level 1.1 Dodging
 + Level 0.2 Stealth
 + Level 4.5 Shields


You had 6 spell levels left.
You didn't know any spells.

Dungeon Overview and Level Annotations

Branches:
Dungeon (4/15)             Temple (1/1) D:4

Altars:
Ashenzari
Cheibriados
Dithmenos
Elyvilon
Gozag
Hepliaklqana
Kikubaaqudgha
Makhleb
Nemelex Xobeh
Okawaru
Qazlal
Sif Muna
Trog
Uskayaw
Yredelemnul
Zin

Shops:
D:4 %


Message History

Things that are here:
a flail of holy wrath; a dyed leather armour; the human corpse of Edmund
F - a dyed leather armour An ogre comes into view.
It is wielding a giant club.
The ogre shouts!
You barely miss the ogre. You block the ogre's attack.
You hit the ogre.
The ogre is lightly wounded.
The ogre hits you with a giant club!
You slash the ogre!
The ogre is heavily wounded.
You block the ogre's attack.
You slash the ogre!
The ogre is almost dead.
The ogre hits you with a giant club!
* * * LOW HITPOINT WARNING * * *
You hit the ogre.
The ogre is almost dead.
The ogre hits you with a giant club!!
You die...

#.#
#.###.###.###.###.####
#.#
#..#.#.#.#.#.#.#.#..#.
#.#
#..#.#.#.#.#.#.#.#..#.
#.#
###.###.###.###.###...
#.# ### ### ### ###
###.
#.##############.. ..
#......).......... ##
########.#.######
#.#@# #.#O# #.#.#
#.#.# #.#.# #.#.# #.#
#..


You could see an ogre.

Vanquished Creatures
  Edmund (D:4)
  The ghost of Scuka the Conjurer, an amateur DECj (D:3)
  Blork the orc (D:4)
  Jessica (D:2)
  An iguana (D:4)
  2 worker ants (D:4)
  4 adders
  An ooze (D:2)
  A worm (D:3)
  3 leopard geckos (D:1)
  2 orcs (D:3)
  7 bats
  2 giant cockroaches
  7 goblins
  6 hobgoblins
  7 jackals (D:3)
  5 kobolds
  4 quokkas
  7 frilled lizards
  8 rats
71 creatures vanquished.

Notes
Turn   | Place    | Note
-------+----------+-------------------------------------------
     0 | D:1      | Santreim the Human Fighter began the quest for the Orb.
     0 | D:1      | Reached XP level 1. HP: 18/18 MP: 1/1
    68 | D:1      | Reached XP level 2. HP: 24/24 MP: 2/2
   321 | D:1      | Reached XP level 3. HP: 28/29 MP: 3/3
   837 | D:2      | Reached XP level 4. HP: 32/35 MP: 4/4
   906 | D:2      | Noticed Jessica
   917 | D:2      | Killed Jessica
  1227 | D:3      | Noticed Scuka's ghost (amateur DECj)
  1252 | D:3      | Killed Scuka's ghost
  1252 | D:3      | Reached XP level 5. HP: 32/42 MP: 5/5
  1252 | D:3      | Reached XP level 6. HP: 37/48 MP: 6/6
  1960 | D:4      | Found a staircase to the Ecumenical Temple.
  1978 | Temple   | Entered the Ecumenical Temple
  2302 | Temple   | Became a worshipper of Zin the Law-Giver
  2302 | Temple   | Reached * piety under Zin
  2303 | Temple   | Donated 50 gold pieces to Zin
  2338 | D:4      | Found Ypoa's Food Shoppe.
  2364 | D:4      | Reached ** piety under Zin
  2400 | D:4      | Donated 64 gold pieces to Zin
  2667 | D:4      | Noticed Blork the orc
  2685 | D:4      | Killed Blork the orc
  2685 | D:4      | Reached skill level 1 in Dodging
  2685 | D:4      | Reached XP level 7. HP: 43/54 MP: 7/7
  2936 | D:4      | Noticed Edmund
  2969 | D:4      | Killed Edmund
  2983 | D:4      | Slain by an ogre

Skill      XL: |  1  2  3  4  5  6 |
---------------+-------------------+-----
Long Blades    | 3 4 |  4.4
Shields        | 4 |  4.5
Fighting       | 4 |  4.2
Armour         | 4 |  4.6
Dodging        | 1 |  1.1
Stealth        | |  0.2

Action                   |  1- 3 |  4- 6 |  7- 9 || total
-------------------------+-------+-------+-------++-------
Melee: Long sword        |    92 |   177 |    47 ||   316
Invok: Donate Gold       |       |     2 |       ||     2
  Eat: Chunk             |       |     6 |       ||     6
       Meat ration       |       |       |     1 ||     1
Armor: Scale mail        |    49 |       |       ||    49
       Chain mail        |       |   111 |    18 ||   129
Dodge: Dodged            |    31 |    44 |     5 ||    80
Block: Shield            |    56 |   111 |    20 ||   187
       Rpst.: Long sword |    14 |    13 |     2 ||    29
